 Dungeon Crawl Stone Soup version 0.15.0-14-g6bbbb5c (console) character file.

58 gw the Skirmisher (level 3, 0/29 HPs)
             Began as a Demonspawn Abyssal Knight on Sept 3, 2014.
             Was a Believer of Lugonu.
             Slain by a worm (6 damage)
             ... on Level 3 of the Dungeon.
             The game lasted 00:00:44 (1627 turns).

gw the Skirmisher (Demonspawn Abyssal Knight)       Turns: 1627, Time: 00:00:44

HP   0/29        AC  6     Str 12      XL: 3   Next: 75%
MP   0/4         EV  7     Int 13      God: Lugonu [**....]
Gold 0           SH  0     Dex 13      Spells:  0 memorised,  2 levels left

rFire  + . .     SeeInvis .     a - +1 mace
rCold  . . .     Clarity  .     e - +0 scale mail
rNeg   . . .     rCorr    .     (no shield)
rPois  .         rRot     .     (no helmet)
rElec  .         Spirit   +     (no cloak)
SustAb .         Warding  .     (no gloves)
rMut   .         Stasis   .     (no boots)
Gourm  .                        (no amulet)
MR     .....                    (no ring)
                                (no ring)

@: not resistant to hostile enchantments, extremely unstealthy
A: fire resistance 1, magic shield
a: Depart the Abyss, Bend Space, Renounce Religion


You were on level 3 of the Dungeon.
You worshipped Lugonu.
Lugonu was pleased with you.
You were hungry.

You visited 1 branch of the dungeon, and saw 3 of its levels.
You visited the Abyss 1 time.

Inventory:

Hand weapons
 a - a +1 mace (weapon)
Armour
 e - a +0 scale mail (worn)
Comestibles
 c - 2 bread rations
Scrolls
 b - a scroll of enchant armour {unknown}
 d - a scroll of fog {unknown}
Potions
 f - a potion of curing {unknown}


   Skills:
 + Level 3.4 Fighting
 * Level 2.3 Maces & Flails
 + Level 1.0 Throwing
 + Level 2.4 Armour
 - Level 0.8 Dodging
 + Level 2.9 Invocations


You had 2 spell levels left.
You didn't know any spells.

Dungeon Overview and Level Annotations

Branches:
Dungeon (3/15)

Altars:


Innate Abilities, Weirdness & Mutations

Your flesh is heat resistant.
When hurt, damage is shared between your health and your magic reserves.


Message History

You are feeling hungry.
The worm bites you!
ATTACKING (-1,0)
You hit the worm.
The worm is almost dead.
The worm bites you.
Use which ability? (? or * to list)
You fail to use your ability.
FLEEEEING!
MOVING TO (5,0) MOVING TO (4,0) MOVING TO (3,0) MOVING TO (2,0) MOVING TO (1,0) ATTACKING (-1,0) ATTACKING (-1,0)
You hit the worm.
The worm is almost dead.
The worm bites you!
You die...

#### .... #..# #..# #..#
#..# # #.########..# #.
#..(....w6.# #.###
#.########.## #...# ###
#....# ###.# #.. #.#..#
#=# #.# #<..## #.# #>#
##.#########.# #.#
######........##.####.#
#......###............###
#.####.# #.##.##..<......


You could see a worm.

Table legend:
 A = Turns spent in this place as a percentage of turns spent in the entire game.
 B = Non-inter-level travel turns spent in this place as a percentage of non-inter-level travel turns spent in the entire game.
 C = Inter-level travel turns spent in this place as a percentage of turns spent in this place.
 D = Turns resting spent in this place as a percentage of non-inter-level travel turns spent in this place.
 E = Turns spent auto-exploring this place as a percentage of non-inter-level travel turns spent in this place.
 F = Non-inter-level travel turns spent in this place divided by the number of levels of this place that you've seen.
                   A       B       C       D       E      F
               +-------+-------+-------+-------+-------+----------------------
         Total | 100.0 | 100.0 |   0.8 |   6.5 |  18.3 |  91.8
       Dungeon |  97.8 |  97.8 |   0.8 |   6.7 |  18.4 | 119.7
         Abyss |   2.2 |   2.2 |   0.0 |   0.0 |  12.5 |   8.0
               +-------+-------+-------+-------+-------+----------------------

Table legend:
 A = Kills in this place as a percentage of kills in entire the game.
 B = Kills by you in this place as a percentage of kills by you in the entire game.
 C = Kills by friends in this place as a percentage of kills by friends in the entire game.
 D = Other kills in this place as a percentage of other kills in the entire game.
 E = Experience gained in this place as a percentage of experience gained in the entire game.
 F = Experience gained in this place divided by the number of levels of this place that you have seen.
                   A       B       C       D       E      F
               +-------+-------+-------+-------+-------+----------------------
         Total | 100.0 | 100.0 |  -nan |  -nan | 100.0 |  20.8
       Dungeon | 100.0 | 100.0 |  -nan |  -nan | 100.0 |  27.7
               +-------+-------+-------+-------+-------+----------------------

Vanquished Creatures
  Jessica (D:3)
  2 giant geckos (D:1)
  3 orcs (D:3)
  3 giant cockroaches
  4 hobgoblins
  3 jackals (D:1)
  2 kobolds (D:1)
  A ball python (D:1)
  3 bats
  5 giant newts
  3 goblins (D:1)
  6 rats (D:1)
36 creatures vanquished.

Notes
Turn   | Place    | Note
--------------------------------------------------------------
     0 | Abyss:1  | gw, the Demonspawn Abyssal Knight, began the quest for the Orb.
     0 | Abyss:1  | Reached XP level 1. HP: 18/18 MP: 1/1
     9 | D:1      | Escaped the Abyss
   581 | D:1      | Gained mutation: Your flesh is heat resistant. [demonic ancestry]
   581 | D:1      | Reached XP level 2. HP: 24/24 MP: 2/2
   638 | D:1      | Acquired Lugonu's second power
  1046 | D:1      | Gained mutation: When hurt, damage is shared between your health and your magic reserves. [demonic ancestry]
  1046 | D:1      | Reached XP level 3. HP: 29/29 MP: 4/4
  1559 | D:3      | Noticed Jessica
  1565 | D:3      | Killed Jessica
  1565 | D:3      | Reached skill level 1 in Throwing
  1627 | D:3      | Slain by a worm

Action                   || total
-------------------------++-------
Melee: Mace              ||    91
Throw: Stone             ||    15
  Use: Scroll            ||     3
       Potion            ||     1
  Eat: Chunk             ||     2

Vault maps used:
D:1:      roderic_octagonal_star
D:2:      lemuel_coloured_pillars_altar, first_bread, uniq_terence
D:3:      kennysheep_vampire_church, uniq_jessica
